 Dungeon Crawl Stone Soup version 0.25-a0-796-gd415a3ffb0 (webtiles) character file.

Game seed: 1529267626253937153, levelgen mode: deterministic

480 sanka the Gouger (level 6, 26/26 HPs)
             Began as a Felid Wanderer on Apr 18, 2020.
             Was a Follower of Uskayaw.
             Quit the game on level 5 of the Dungeon.
             The game lasted 00:25:38 (9902 turns).

sanka the Gouger (Felid Wanderer)                   Turns: 9902, Time: 00:25:39

Health: 26/26      AC:  5    Str:  8    XL:     6   Next: 86%
Magic:  8/8        EV: 19    Int: 13    God:    Uskayaw [*.....]
Gold:   153        SH:  0    Dex: 18    Spells: 5/5 levels left
                                        Lives:  1   Deaths: 1

rFire    . . .     SeeInvis +     - Unarmed
rCold    . . .     Gourm    .   (shield unavailable)
rNeg     . . .     Faith    .   (armour unavailable)
rPois    +         Spirit   .   (helmet unavailable)
rElec    .         Reflect  .   (cloak unavailable)
rCorr    .         Harm     .   (gloves unavailable)
MR       .....                  (boots unavailable)
Stlth    ++........             (no amulet)
HPRegen  0.08/turn              f - ring of poison resistance
MPRegen  0.11/turn              i - +3 ring of protection

@: quick
A: very small, no armour, no weapons or thrown items, stealth, claws 1, fangs 3,
see invisible, carnivore, speed 1, shaggy fur 2, slow metabolism 1, sharp paws
a: Stomp, Renounce Religion


You were on level 5 of the Dungeon.
You worshipped Uskayaw.
Uskayaw was noncommittal.
You were not hungry.

You visited 1 branch of the dungeon, and saw 5 of its levels.

You collected 153 gold pieces.


Innate Abilities, Weirdness & Mutations

You cannot wear armour.
You are incapable of wielding weapons or throwing items.
Your paws allow you to move quietly. (Stealth)
You have sharp claws.
You have razor-sharp teeth.
You have supernaturally acute eyesight. (SInv)
You are carnivorous and can eat meat at any time.
You cover ground quickly.
You are covered in thick fur. (AC +2)
You have a slow metabolism.
Your sharp claws are effective at attacking unaware monsters.


   Skills:
 - Level 2.0 Fighting
 - Level 4.0 Dodging
 - Level 1.3 Stealth
 + Level 9.3 Unarmed Combat
   Level 2.1 Evocations


You had 5 spell levels left.
You didn't know any spells.
Your spell library contained the following spells:

 Spells                   Type           Power        Failure   Level  Hunger
 Confusing Touch          Hex            #.......     67%         3    ####...
 Gell's Gravitas          Tloc           #.........   67%         3    ####...
 Petrify                  Tmut/Erth      #.......     97%         4    #####..
 Metabolic Englaciation   Hex/Ice        #.........   100%        5    ######.
 Yara's Violent Unravell  Hex/Tmut       #.........   100%        5    ######.

Inventory:

Jewellery
 f - a ring of poison resistance (left paw)
 i - a +3 ring of protection (right paw)
 k - a +3 ring of evasion
 o - an uncursed ring of ice
Scrolls
 a - 2 scrolls of fear
 c - 3 scrolls of teleportation {@r4}
 g - a scroll of magic mapping {unknown}
 h - 3 scrolls of identify {unknown}
 l - a scroll of noise {unknown}
 n - a scroll of enchant weapon {unknown}
 r - a scroll of remove curse {unknown}
Potions
 b - 2 potions of curing {@q1}
 e - 3 potions of flight {unknown}
 j - a potion of invisibility {unknown}
 m - a potion of lignification {unknown}
 p - 2 potions of heal wounds {unknown}
 q - a potion of brilliance {unknown}
 s - a potion of stabbing {unknown}
Comestibles
 d - 6 rations
 t - 3 chunks of flesh

Dungeon Overview and Level Annotations

Branches:
Dungeon (5/15)
 Temple: D:4-7

Altars:
Cheibriados
Dithmenos
Fedhas
Qazlal
Uskayaw
Vehumet
Xom
The Shining One

Annotations:
D:4 1 runed translucent door, CannibalFerox's ghost, amateur DsCK
D:5 3 runed translucent doors, Blork the orc; Zorot's ghost, amateur DDFi

.....▒▒...^≈≈≈...▒▒▒▒▒▒▒..▒▒....▒
.▒▒.(▒.....#≈....▒▒▒8▒▒...▒▒▒....
.............#..▒▒⌠_.'..▒.▒▒▒...▒
++▒▒▒...........▒▒⌠_.'..▒.......▒
...W▒.)..........▒▒▒P▒▒.▒....<.▒▒
....▒.▒.........▒..▒▒▒▒▒...▒...▒
.▒..▒.....▒▒....▒..........▒▒..▒
..▒.▒.....▒...................▒▒
.▒..▒........▒▒.h.▒▒...........▒
?(..▒........ ▒.........▒.....▒▒
....▒.......▒▒▒...▒▒....▒.....▒
▒▒▒▒▒.▒<....▒▒▒.▒▒▒....▒▒.(▒..▒▒▒
... ..▒...▒.▒▒..▒▒▒▒▒...........▒
▒.▒▒.....▒▒.▒▒▒..▒ ▒▒▒.........▒
...▒.........<...▒▒▒▒▒....▒.....▒
.[..................▒▒.▒▒)▒▒▒....
..............▒▒▒......▒...▒....▒


There were no monsters in sight!


Message History

The sky beast barely misses you.
You can now pass through a line of other dancers.
You completely miss the sky beast. You claw the sky beast.
The sky beast is almost dead.
Blork the orc casts a spell at you. The puff of flame hits you!
The sky beast closely misses you.
The sky beast flickers out of sight for a moment.
Blork the orc gestures at you while chanting.
The puff of flame hits you!
* * * LOW HITPOINT WARNING * * *
You can no longer pass through a line of other dancers.
Blork the orc casts a cantrip, but nothing happens.
You claw the leopard gecko!
You kill the leopard gecko!
Unknown command.
Blork the orc casts a spell.
Blork the orc seems to speed up.
You closely miss the sky beast.
The sky beast is almost dead.
Blork the orc gestures at you while chanting.
The puff of frost hits the sky beast!
The sky beast dies!
Blork the orc points at you and mumbles some strange words.
The magic dart hits you!
You die...
You are now level 6!
You rejoin the land of the living...
Are you sure you want to abandon this character and quit the game? (Confirm with "yes".)

Action                   |  1- 3 |  4- 6 |  7- 9 || total
-------------------------+-------+-------+-------++-------
Melee: Unarmed           |   124 |   315 |    78 ||   517
       Bite              |     9 |    20 |     6 ||    35
       Punch             |       |     5 |     6 ||    11
 Stab: Sleeping          |     5 |     8 |     2 ||    15
       Distracted        |       |     1 |       ||     1
  Eat: Chunk             |    10 |    12 |     3 ||    25
Armor: Skin              |     5 |    43 |     3 ||    51
Dodge: Dodged            |    84 |   272 |    70 ||   426

Levels and vault maps discovered:
D:1:      eino_arrival_druids_welcome, layout_loops_cross
D:2:      minmay_recursive_quarters, layout_basic, uniq_terence
D:3:      layout_basic, small_statue_intersection
D:4:      layout_cave_pools, grunt_temple_overflow_diamond,
          ebering_ghost_reflecting_pool, first_ration
D:5:      layout_cave_pools, grunt_temple_overflow_forces_of_nature,
          xom_confusion_cloud, gammafunk_temple_overflow_wave, serial_shops,
          shop_statue, gammafunk_ghost_split, uniq_blork_the_orc

Notes
Turn   | Place    | Note
-------+----------+-------------------------------------------
     0 | D:1      | sanka the Felid Wanderer began the quest for the Orb.
     0 | D:1      | sanka set off with the following items: a scroll of fear, a
                  | potion of curing {@q1}, a scroll of teleportation {@r4}, a
                  | ration
     0 | D:1      | Reached XP level 1. HP: 9/9 MP: 3/3
   436 | D:1      | Reached XP level 2. HP: 13/13 MP: 4/4
   876 | D:1      | Reached skill level 3 in Unarmed Combat
  1278 | D:1      | Reached XP level 3. HP: 14/16 MP: 5/5
  1693 | D:1      | Reached skill level 4 in Unarmed Combat
  2208 | D:2      | Reached XP level 4. HP: 19/19 MP: 6/6
  2524 | D:2      | Noticed Terence
  3481 | D:3      | Reached skill level 5 in Unarmed Combat
  3775 | D:3      | Reached XP level 5. HP: 22/22 MP: 7/7
  4076 | D:2      | Killed Terence
  5057 | D:3      | HP: 2/22 [gnoll/+0 halberd (11)]
  5590 | D:4      | Found a runed translucent door.
  5590 | D:4      | Noticed CannibalFerox's ghost (amateur DsCK)
  6086 | D:4      | HP: 1/22 [gnoll/+0 halberd (4)]
  6384 | D:4      | Reached skill level 6 in Unarmed Combat
  6433 | D:4      | Noticed an ogre
  6746 | D:3      | Gained mutation: You are covered in thick fur. (AC +2)
                  | [Felid growth]
  6746 | D:3      | Reached XP level 6. HP: 23/26 MP: 8/8
  7364 | D:3      | Reached skill level 7 in Unarmed Combat
  7666 | D:4      | HP: 2/26 [orc priest/divine providence (11)]
  8219 | D:4      | Found a snail-covered altar of Cheibriados.
  8221 | D:4      | Found a shadowy altar of Dithmenos.
  8223 | D:4      | Found a radiant altar of Vehumet.
  8792 | D:5      | Entered Level 5 of the Dungeon
  8858 | D:5      | Noticed a sky beast
  8955 | D:4      | Killed a sky beast
  8955 | D:4      | Reached XP level 7. HP: 11/30 MP: 9/9
  9210 | D:5      | Reached skill level 8 in Unarmed Combat
  9291 | D:5      | Noticed Blork the orc
  9314 | D:5      | Found a shimmering altar of Xom.
  9320 | D:5      | Found a runed translucent gate.
  9320 | D:5      | Found a runed translucent gate.
  9320 | D:5      | Found a runed translucent gate.
  9376 | D:5      | Noticed Zorot's ghost (amateur DDFi)
  9398 | D:5      | Found a stormy altar of Qazlal.
  9647 | D:5      | Found a blossoming altar of Fedhas.
  9684 | D:5      | Found a glowing golden altar of the Shining One.
  9684 | D:5      | Found a hide-covered altar of Uskayaw.
  9791 | D:5      | Reached skill level 9 in Unarmed Combat
  9839 | D:5      | Became a worshipper of Uskayaw the Reveler
  9883 | D:5      | Reached * piety under Uskayaw
  9887 | D:5      | Reached ** piety under Uskayaw
  9901 | D:5      | Killed from afar by Blork the orc
  9902 | D:5      | Reached XP level 6. HP: -3/26 MP: 8/8
  9902 | D:5      | Quit the game

Vanquished Creatures
  A sky beast (D:4)
  An ogre (D:5)
  A centaur (D:5)
  A quasit (D:5)
  A crimson imp (D:5)
  A gnoll shaman (D:3)
  3 hounds
  3 orc wizards
  Terence (D:2)
  A worker ant (D:3)
  A hound skeleton (D:5)
  7 gnolls
  4 adders
  2 shadow imps (D:5)
  An ooze (D:3)
  5 worms
  3 dart slugs
  7 leopard geckos
  8 orcs
  2 ball pythons
  10 bats
  6 giant cockroaches
  8 goblins
  6 hobgoblins
  22 jackals
  A quokka (D:3)
  9 frilled lizards
  6 kobolds
  A leopard gecko skeleton (D:4)
  A quokka zombie (D:5)
  12 rats
136 creatures vanquished.

Vanquished Creatures (others)
  A sky beast (D:5)
1 creature vanquished.

Grand Total: 137 creatures vanquished
